 Dungeon Crawl Stone Soup version 0.26-a0-712-ga5a9c9c9d0 (webtiles) character file.

Game seed: 16911641400862155656

28 Azzok the Shield-Bearer (level 3, 29/29 HPs)
             Began as a Demonspawn Fighter on Nov 4, 2020.
             Quit the game on level 1 of the Dungeon.
             The game lasted 00:01:00 (893 turns).

Azzok the Shield-Bearer (Demonspawn Fighter)         Turns: 893, Time: 00:01:01

Health: 29/29      AC:  6    Str: 17    XL:     3   Next: 0%
Magic:  3/3        EV:  9    Int:  9    God:
Gold:   59         SH:  4    Dex: 12    Spells: 2/2 levels left

rFire    . . .     SeeInvis .   a - +0 war axe
rCold    + . .     Faith    .   l - +0 buckler
rNeg     . . .     Spirit   .   b - +0 scale mail
rPois    .         Reflect  .   (no helmet)
rElec    .         Harm     .   (no cloak)
rCorr    .         Rampage  .   (no gloves)
MR       .....                  (no boots)
Stlth    ..........             (no amulet)
HPRegen  0.09/turn              (no ring)
MPRegen  0.08/turn              (no ring)

@: no status effects
A: cold resistance 1, spiny 1
a: no special abilities


You were on level 1 of the Dungeon.
You visited 1 branch of the dungeon, and saw 1 of its levels.

You collected 59 gold pieces.

Inventory:

Hand Weapons
 a - a +0 war axe (weapon)
Armour
 b - a +0 scale mail (worn)
 c - a +0 kite shield
 l - a +0 buckler (worn)
Scrolls
 e - 3 scrolls of identify {unknown}
 m - a scroll of remove curse {unknown}
Potions
 d - 2 potions of might
 f - a potion of degeneration {unknown}
 g - a potion of mutation {unknown}
 h - a potion of heal wounds {unknown}
 i - 2 potions of haste {unknown}
 j - a potion of lignification {unknown}
 k - a potion of curing {unknown}


   Skills:
 - Level 3.0 Fighting
 + Level 2.5 Axes
 - Level 2.6 Armour
 + Level 3.3 Shields


You had 2 spell levels left.
You didn't know any spells.
Your spell library was empty.

Dungeon Overview and Level Annotations

Branches:
Dungeon (1/15)

Altars:


Innate Abilities, Weirdness & Mutations

Your flesh is cold resistant. (rC+)
You are partially covered in sharp spines.


Message History

A dart slug is nearby!
You slash the dart slug!
The dart slug is severely wounded.
The dart slug bites you but does no damage.
You slash the dart slug!
You kill the dart slug!
A hobgoblin comes into view. It is wielding a +0 club.
The hobgoblin shouts!
You block the hobgoblin's attack.
You see here a dart slug corpse.
A hobgoblin is nearby!
You closely miss the hobgoblin. The hobgoblin barely misses you.
You hit the hobgoblin.
You kill the hobgoblin!
You have reached level 3!
Your experience leads to an increase in your attributes!
Increase (S)trength, (I)ntelligence, or (D)exterity?
You feel stronger.
Your demonic ancestry asserts itself...
Sharp spines emerge from parts of your body.
Are you sure you want to abandon this character and quit the game? (Confirm with "yes".)

▒· ▒·▒ ▒▒·▒·▒ ▒▒·▒ ▒·
▒·▒ ▒▒╬▒·▒▒▒·▒▒ ▒·
▒†▒▒▒····▒▒·▒▒ ▒·▒
▒········▒▒▒·▒▒ ▒··▒▒
▒▒▒·······▒▒▒·▒
▒▒···▒▒▒▒·········▒▒▒·
▒·······'····)····'···
▒·▒··▒▒▒▒·········▒▒▒·
▒··@▒ ▒▒·······▒▒ ▒▒
▒▒▒)▒ ▒▒··(··▒▒ ▒ ··▒
▒▒·(·▒▒ ▒ ·▒▒▒ ▒▒(▒▒ ▒
·· ▒·▒ ▒ ·▒ ▒·▒ ▒·
▒▒·▒▒ ▒ ▒▒▒···▒▒▒▒▒▒▒
▒▒▒············


There were no monsters in sight!

Vanquished Creatures
  An ooze (D:1)
  2 dart slugs (D:1)
  A giant cockroach (D:1)
  2 goblins (D:1)
  2 hobgoblins (D:1)
  2 jackals (D:1)
  2 bats (D:1)
  5 frilled lizards (D:1)
  A kobold (D:1)
  4 rats (D:1)
22 creatures vanquished.

Notes
Turn   | Place    | Note
-------+----------+-------------------------------------------
     0 | D:1      | Azzok the Demonspawn Fighter began the quest for the Orb.
     0 | D:1      | Reached XP level 1. HP: 18/18 MP: 1/1
   124 | D:1      | Gained mutation: Your flesh is cold resistant. (rC+)
                  | [demonic ancestry]
   124 | D:1      | Reached XP level 2. HP: 17/24 MP: 2/2
   892 | D:1      | Gained mutation: You are partially covered in sharp spines.
                  | [demonic ancestry]
   892 | D:1      | Reached XP level 3. HP: 29/29 MP: 3/3
   893 | D:1      | Quit the game

Illustrated notes

Levels and vault maps discovered:
D:1:      elethiomel_arrival_infinity_welcomes_careful_drivers,
          layout_loops_corners, minmay_rat_gold_closets

Skill      XL: |  1 |
---------------+----+-----
Axes           | 2 |  2.5
Shields        | 3 |  3.3
Fighting       | |  3.0
Armour         | |  2.6

Action                   || total
-------------------------++-------
Melee: War axe           ||    56
Armor: Scale mail        ||    22
Dodge: Dodged            ||    11
Block: Kite shield       ||    25
       Buckler           ||     4

Table legend: (Time is in decaauts)
 A = Elapsed time spent in this place.
 B = Non-inter-level travel time spent in this place.
 C = Inter-level travel time spent in this place.
 D = Time resting spent in this place.
 E = Time spent auto-exploring this place.
 F = Levels seen in this place.
 G = Mean time per level.
                   A        B        C        D        E       F      G
               +--------+--------+--------+--------+--------+-----+--------+
         Total |    918 |    918 |      0 |     31 |    711 |   1 |  918.0 |
       Dungeon |    918 |    918 |      0 |     31 |    711 |   1 |  918.0 |
               +--------+--------+--------+--------+--------+-----+--------+

Top non-repeatable levels by time:
     D:1: 918 daAuts
